Unix NetHack Version 5.0.0-0 post-release - last build May 17 2026 04:57:42 (dc50c8380fa5e20985bfe3072449f57b8d9895ef,branch:main).

Game began 2026-05-18 19:51:30, ended 2026-05-19 01:35:10.

Conradmonkey, neutral male gnomish Wizard

                                     -----
           -----                    |....|              ----
          --...-----                |..|.|   -------    |..|
    ----- |......|.--               |.-|.|----..|..|  ---..|
    |...----........--..            |.||%--........|  |...--
    |....--....--.......           --.||...........|---.---
    ----.......|.....[...        ---..|----... ..---|...|
       |................-        |...--       ...|  |.---
       --.---.......--..|      ---.---        ...-- |.|
       --.| --.....-|--.-------....-          ....| |.|     .......
      --..-  -*.^...--...--.........          -...| |.|    ...........
----  |....  ...).......*...|.....              ..---.|    -........G.
|[.-----..-.-....."...*..-------                ...|..|    ...........
|.............%............|                    ...|.-- .--.......
---...-----.|..[.|.........|                     .......f@........
  |...(.....######.....---.---                  h.....^..f......
  |.....----- *#####.|.| |....|                   .>.....
 --...---      *##`  --- --..*--                  -......
 |...--                   |....|
 -----                    --.---
                           ---
Conradmonkey the Thaumaturge  St:11 Dx:12 Co:14 In:19 Wi:14 Ch:13  Neutral
Dlvl:5  $:40 HP:0(34) Pw:10(64) AC:10 Xp:7 T:9549 

Latest messages:
 You bite the iguana.
 You miss the iguana.
 The iguana bites!
 You miss the iguana.
 The iguana bites!
 A bear trap closes harmlessly over you.
 You are hit by a dagger.
 You materialize in a different location!
 There are many objects here.
 You feel like someone is helping you.
 You hear some noises in the distance.
 The jaguar hits!
 The jaguar hits again!
 The jaguar just misses!
 Are you waiting to get hit?  Use 'm' prefix to force a no-op (to rest).
 Are you waiting to get hit?  Use 'm' prefix to force a no-op (to rest).
 Are you waiting to get hit?  Use 'm' prefix to force a no-op (to rest).
 Are you waiting to get hit?  Use 'm' prefix to force a no-op (to rest).
 Are you waiting to get hit?  Use 'm' prefix to force a no-op (to rest).
 Are you waiting to get hit?  Use 'm' prefix to force a no-op (to rest).
 Are you waiting to get hit?  Use 'm' prefix to force a no-op (to rest).
 Are you waiting to get hit?  Use 'm' prefix to force a no-op (to rest).
 Are you waiting to get hit?  Use 'm' prefix to force a no-op (to rest).
 Are you waiting to get hit?  Use 'm' prefix to force a no-op (to rest).
 You miss the jaguar.
 The jaguar hits!
 The jaguar hits again!
 You return to gnomish form!
 The jaguar bites!
 The jaguar hits!
 The jaguar hits again!
 The jaguar bites!
 You miss the jaguar.
 The jaguar hits!
 The jaguar hits again!
 The jaguar bites!
 The large cat misses the jaguar.
 The jaguar hits!
 The jaguar hits again!
 The jaguar bites!
 In what direction? 4
 The spell misses the jaguar.
 The jaguar hits!
 The jaguar hits again!
 You die...
 Do you want your possessions identified? [ynq] (y) y
 Do you want to see your attributes? [ynq] (y) y
 Do you want an account of creatures vanquished? [ynaq] (y) y
 Do you want to see your conduct and achievements? [ynq] (y) y
 Do you want to see the dungeon overview? [ynq] (y) y

Inventory:
 Coins    ('$')
  $ - 40 gold pieces
 Rings    ('=')
  e - an uncursed ring of cold resistance
  d - an uncursed ring of invisibility
 Wands    ('/')
  c - a wand of enlightenment (0:12)

Conradmonkey the Wizard's attributes:

Background:
 You were a Thaumaturge, a level 7 male gnomish Wizard.
 You were neutral, on a mission for Thoth
 who was opposed by Ptah (lawful) and Anhur (chaotic).
 You were right-handed.
 You were in the Gnomish Mines, on level 5.
 You entered the dungeon 9549 turns ago.
 It was nighttime.
 There was a new moon in effect when your adventure ended.
 You had 867 experience points, 413 more were needed to attain level 8.

Basics:
 You had 0 out of 34 hit points.
 You had 10 out of 64 energy points (spell power).
 Your armor class was 10.
 Your wallet contained 40 zorkmids.
 Autopickup was off.

Final Characteristics:
 Your strength was 11 (peak:12, limit:18/50).
 Your dexterity was 12 (limit:18).
 Your constitution was 14 (limit:18).
 Your intelligence was 19 (limit:19).
 Your wisdom was 14 (limit:18).
 Your charisma was 13 (limit:18).

Final Status:
 You weren't hungry.
 You were unencumbered.
 You were bare handed.
 You were unskilled in bare handed combat.
 You weren't wearing any armor.

Final Attributes:
 You were piously aligned.
 You were level-drain resistant.
 You were telepathic.
 You had infravision.
 You aggravated monsters.
 You could teleport.
 You were a wererat.
 You were harmed by silver.
 You were unlucky.
 You are dead.

Miscellaneous:
 You didn't encounter any bones levels.
 Total elapsed playing time was 1 hour, 57 minutes and 59 seconds.

Major events:
 Turn
    1: Conradmonkey the neutral male gnomish Wizard entered the dungeon
  645: attained the rank of Conjurer (level 3)
 5684: attained the rank of Thaumaturge (level 6)
 8809: entered the Gnomish Mines
 9549: killed by a jaguar

Spells:
 Name                 Level Category     Fail Retention
 force bolt             1   attack         0%   51%-55%
 remove curse           3   clerical       0%   51%-55%
 create monster         2   clerical       0%   51%-55%

Skills:
 Fighting Skills
   bare handed combat [Unskilled]
   riding             [Unskilled]
 Weapon Skills
   dagger             [Unskilled]
   knife              [Unskilled]
   axe                [Unskilled]
   short sword        [Unskilled]
   club               [Unskilled]
   mace               [Unskilled]
   quarterstaff       [Skilled]
   polearms           [Unskilled]
   spear              [Unskilled]
   trident            [Unskilled]
   sling              [Unskilled]
   dart               [Unskilled]
   shuriken           [Unskilled]
 Spellcasting Skills
   attack spells      [Skilled]
   healing spells     [Unskilled]
   divination spells  [Unskilled]
   enchantment spells [Basic]
   clerical spells    [Skilled]
   escape spells      [Unskilled]
   matter spells      [Unskilled]

Voluntary challenges:
 Character rerolling was not enabled.
 You never genocided any monsters.
 You never polymorphed an object.
 You used no wishes.
Achievements:
 You attained the rank of Conjurer.
 You attained the rank of Thaumaturge.
 You entered a shop.
 You entered the Gnomish Mines.

 The Dungeons of Doom: levels 1 to 3
    Level 1:
    Level 2:
       A potion shop.
       Stairs down to The Gnomish Mines.
    Level 3:
 The Gnomish Mines: levels 3 to 5
    Level 3:
    Level 5: <- You were here.
       Final resting place for
          you, killed by a jaguar.


Vanquished creatures:
  a quivering blob
  2 leprechauns
 an iron piercer
 an orc mummy
  2 lizards
  a jaguar
 an imp
  3 rock piercers
  a rock mole
  a pony
  a fog cloud
  a yellow light
  3 shriekers
  a gray ooze
  3 elf zombies
  6 giant ants
  a little dog
 10 floating eyes
  a kitten
  2 dwarves
  3 homunculi
  a kobold leader
  a kobold shaman
  3 rothes
  a rabid rat
  2 centipedes
  a giant bat
  6 orc zombies
  a dwarf zombie
  a wererat
  a werejackal
  8 iguanas
  3 acid blobs
  a coyote
  2 gas spores
 10 hobbits
  4 large kobolds
  2 hobgoblins
 16 giant rats
  3 cave spiders
  3 brown molds
  5 yellow molds
  2 green molds
  2 red molds
  2 gnomes
  6 garter snakes
  3 gnome zombies
  9 geckos
 26 jackals
  3 foxes
  6 kobolds
  4 goblins
  3 sewer rats
 20 grid bugs
  5 bats
 14 lichens
  5 kobold zombies
 17 newts
248 creatures vanquished.

No species were genocided or became extinct.

Game over:
                       ----------
                      /          \
                     /    REST    \
                    /      IN      \
                   /     PEACE      \
                  /                  \
                  |   Conradmonkey   |
                  |      40 Au       |
                  |   killed by a    |
                  |      jaguar      |
                  |                  |
                  |                  |
                  |       2026       |
                 *|     *  *  *      | *
        _________)/\\_//(\/(/\)/\//\/|_)_______

Goodbye Conradmonkey the Wizard...

You died in The Gnomish Mines on dungeon level 5 with 3744 points,
and 40 pieces of gold, after 9549 moves.
You were level 7 with a maximum of 34 hit points when you died.

